 Dungeon Crawl Stone Soup version 0.24.0-37-gcf1ca852f1 (webtiles) character file.

Game seed: 17592173876433291582, levelgen mode: deterministic

126 lepoulpe303 the Sneak (level 4, -2/21 HPs)
             Began as a Spriggan Enchanter on Nov 29, 2019.
             Succumbed to Ijyb's poison
             ... on level 4 of the Dungeon.
             The game lasted 00:07:00 (1757 turns).

lepoulpe303 the Sneak (Spriggan Enchanter)          Turns: 1757, Time: 00:07:01

Health: -2/21      AC:  2    Str:  4    XL:     4   Next: 83%
Magic:  2/9        EV: 18    Int: 17    God:
Gold:   118        SH:  0    Dex: 16    Spells: 2/8 levels left

rFire    . . .     SeeInvis +   a - +0 short sword
rCold    . . .     Gourm    .   (shield restricted)
rNeg     . . .     Faith    .   c - +0 robe
rPois    .         Spirit   .   (helmet restricted)
rElec    .         Reflect  .   (no cloak)
rCorr    .         Harm     .   (gloves unavailable)
MR       .....                  (boots unavailable)
Stlth    ++++......             (no amulet)
HPRegen  0.07/turn              (no ring)
MPRegen  0.11/turn              (no ring)

@: lethally poisoned (-2 -> -51), flying, very quick
A: very small, unfitting armour, see invisible, herbivore, speed 3, slow
metabolism 2
a: no special abilities


You were on level 4 of the Dungeon.
You were not hungry.

You visited 1 branch of the dungeon, and saw 3 of its levels.

You collected 118 gold pieces.

Inventory:

Hand Weapons
 a - a +0 short sword (weapon)
 b - a +0 hunting sling
 h - a +1 dagger
Missiles
 Q - 47 stones (quivered)
Armour
 c - a +0 robe (worn)
Scrolls
 d - a scroll of identify {unknown}
 g - 2 scrolls of remove curse {unknown}
 i - a scroll of magic mapping {unknown}
Comestibles
 e - a ration


   Skills:
 + Level 3.7 Short Blades
 - Level 3.0 Dodging
 + Level 6.9 Stealth
 - Level 2.6 Spellcasting
 - Level 3.6 Hexes


You had 2 spell levels left.
You knew the following spells:

 Your Spells              Type           Power        Failure   Level  Hunger
a - Ensorcelled Hibernat  Hex/Ice        #.....       13%         2    ##.....
c - Confuse               Hex            ##......     12%         3    ###....
v - Corona                Hex            ##.....      4%          1    #......

Your spell library contained the following spells:

 Spells                   Type           Power        Failure   Level  Hunger
 Tukima's Dance           Hex            ##......     12%         3    ###....
 Dazzling Spray           Conj/Hex       #.....       26%         3    ###....


Dungeon Overview and Level Annotations

Branches:
Dungeon (4/15)
 Temple: D:4-7

Altars:

Annotations:
D:4 Ijyb


Innate Abilities, Weirdness & Mutations

You are very small and have problems with some larger weapons.
You are too small for most types of armour.
You have supernaturally acute eyesight. (SInv)
You are a herbivore.
You cover ground extremely quickly.
You need to consume almost no food.


Message History

You are more poisoned.
You take 2 damage, and have 11/21 hp.
You now have 1/9 mp.
You don't have enough magic to cast that spell.
* * * LOW HITPOINT WARNING * * *
You feel sick.
You take 2 damage, and have 9/21 hp.
It was a potion of flight.
You feel very buoyant.
You fly up into the air.
* * * LOW HITPOINT WARNING * * *
You feel sick.
Ijyb hits you with a +2 dagger of venom!
* * * LOW HITPOINT WARNING * * *
You are more poisoned.
You take 8 damage, and have 1/21 hp.
MASSIVE DAMAGE!!
You don't have enough magic to cast that spell.
Unknown command.
You hit Ijyb but do no damage.
You die...

#.##.##........#.#..###
#.##.#####.......#..#
#.###. #........#..#
#.# #...#.......#..#
#.# ####.......#..# #.#
##...<..##.# #.#
##...#....# #.#
##.#...#.# #.#
#@#.#.#.# #.# ##
#g#.#.#.# #.#
..........#.#.#.# #.#
.##########.#.#.#
####.# .# #.#.#.#
.....##.#### #.#.#.#
####.......### #.#.#
###...#.......
..............


You could see Ijyb.

Levels and vault maps discovered:
D:1:      scummos_arrival_checkerplants, layout_basic
D:2:      layout_basic, first_ration, minmay_tiny_reverse_x
D:4:      layout_loops_ring, grunt_qazlal_clouds, uniq_ijyb

Notes
Turn   | Place    | Note
-------+----------+-------------------------------------------
     0 | D:1      | lepoulpe303 the Spriggan Enchanter began the quest for the
                  | Orb.
     0 | D:1      | Reached XP level 1. HP: 9/9 MP: 5/5
    10 | D:1      | Identified a +0 club
    47 | D:1      | Identified a +0 hunting sling (You found it on level 1 of
                  | the Dungeon)
    74 | D:1      | Identified a +1 dagger
   152 | D:1      | Identified a +0 club
   155 | D:1      | Identified a +0 dagger
   172 | D:1      | HP: 2/9 [goblin/+0 dagger (3)]
   173 | D:1      | Reached XP level 2. HP: 3/13 MP: 6/6
   274 | D:1      | Reached skill level 5 in Stealth
   280 | D:1      | Learned a level 2 spell: Ensorcelled Hibernation
   492 | D:1      | Identified a +0 club
   499 | D:1      | Reached skill level 2 in Short Blades
   588 | D:1      | Identified a cursed +0 dagger
   796 | D:1      | Identified a +0 short sword
  1206 | D:2      | You fall into a shaft and drop 2 floors!
  1328 | D:4      | Reached XP level 3. HP: 16/16 MP: 8/8
  1333 | D:4      | Learned a level 3 spell: Confuse
  1333 | D:4      | Noticed a scorpion
  1347 | D:4      | Killed a scorpion
  1347 | D:4      | Reached skill level 3 in Short Blades
  1347 | D:4      | Reached skill level 6 in Stealth
  1347 | D:4      | Reached XP level 4. HP: 11/21 MP: 6/9
  1368 | D:4      | HP: 5/21 [poisoned by a scorpion]
  1454 | D:4      | HP: 4/21 [leopard gecko skeleton (3)]
  1482 | D:4      | Identified a +2 dagger of venom
  1482 | D:4      | Identified a +1 chain mail of cold resistance
  1482 | D:4      | Noticed Ijyb
  1756 | D:4      | Identified a potion of flight
  1756 | D:4      | HP: 1/21 [Ijyb/+2 dagger of venom (7)]
  1757 | D:4      | Succumbed to Ijyb's poison

Table legend:
 A = Turns spent in this place as a percentage of turns spent in the entire game.
 B = Non-inter-level travel turns spent in this place as a percentage of non-inter-level travel turns spent in the entire game.
 C = Inter-level travel turns spent in this place as a percentage of turns spent in this place.
 D = Turns resting spent in this place as a percentage of non-inter-level travel turns spent in this place.
 E = Turns spent auto-exploring this place as a percentage of non-inter-level travel turns spent in this place.
 F = Non-inter-level travel turns spent in this place divided by the number of levels of this place that you've seen.
                   A       B       C       D       E      F
               +-------+-------+-------+-------+-------+----------------------
         Total | 100.0 | 100.0 |   2.4 |  38.5 |  30.8 | 571.7
       Dungeon | 100.0 | 100.0 |   2.4 |  38.5 |  30.8 | 571.7
               +-------+-------+-------+-------+-------+----------------------

Table legend:
 A = Kills in this place as a percentage of kills in entire the game.
 B = Kills by you in this place as a percentage of kills by you in the entire game.
 C = Kills by friends in this place as a percentage of kills by friends in the entire game.
 D = Other kills in this place as a percentage of other kills in the entire game.
 E = Experience gained in this place as a percentage of experience gained in the entire game.
 F = Experience gained in this place divided by the number of levels of this place that you have seen.
                   A       B       C       D       E      F
               +-------+-------+-------+-------+-------+----------------------
         Total | 100.0 | 100.0 |   N/A |   N/A | 100.0 |  60.0
       Dungeon | 100.0 | 100.0 |   N/A |   N/A | 100.0 |  60.0
               +-------+-------+-------+-------+-------+----------------------

Skill      XL: |  1  2  3 |
---------------+----------+-----
Stealth        | 5 6 |  6.9
Short Blades   | 2 3 |  3.7
Dodging        | |  3.0
Spellcasting   | |  2.6
Hexes          | |  3.6

Action                   |  1- 3 |  4- 6 || total
-------------------------+-------+-------++-------
Melee: Dagger            |    66 |       ||    66
       Short sword       |    15 |    17 ||    32
 Fire: Hunting sling     |    17 |       ||    17
 Cast: Ensorcelled Hiber |     1 |     1 ||     2
       Confuse           |       |     3 ||     3
  Use: Potion            |       |     1 ||     1
 Stab: Sleeping          |    11 |     1 ||    12
       Confused          |       |     2 ||     2
Armor: Robe              |     9 |       ||     9
Dodge: Dodged            |    60 |     5 ||    65

Vanquished Creatures
  A scorpion (D:4)
  2 worker ants (D:4)
  A dart slug (D:1)
  A leopard gecko (D:1)
  3 giant cockroaches
  3 hobgoblins (D:1)
  A kobold (D:1)
  A quokka (D:4)
  6 bats (D:1)
  4 frilled lizards (D:1)
  3 goblins (D:1)
  A rat (D:1)
27 creatures vanquished.
